 Dungeon Crawl Stone Soup version 0.31-a0-627-gd65175cf8b (webtiles) character file.

Game seed: 17318667201122925668

41 Ijustatesigmund the Charlatan (level 3, -1/22 HPs)
             Began as a Gargoyle Artificer on Aug 25, 2023.
             Slain by a worm (8 damage)
             ... on level 2 of the Dungeon.
             The game lasted 00:03:24 (1228 turns).

Ijustatesigmund the Charlatan (Gargoyle Artificer)  Turns: 1228, Time: 00:03:25

Health: -1/22      AC: 12    Str: 17    XL:     3   Next: 52%
Magic:  3/3        EV:  7    Int: 11    God:
Gold:   85         SH:  0    Dex: 10    Spells: 2/2 levels left

rFire   . . .        a - +0 whip
rCold   . . .        (no shield)
rNeg    + . .        b - +0 chain mail
rPois   ∞            (no helmet)
rElec   +            (no cloak)
rCorr   .            (no gloves)
SInv    .            (no boots)
Will    .....        (no amulet) Stlth
                     (no ring)
HPRegen 0.23/turn    (no ring)
MPRegen 0.08/turn

%: no passive effects
@: no status effects
A: sickness immunity, AC +3, negative energy resistance 1, electricity
resistance, torment resistance 1, petrification resistance
a: no special abilities


You were on level 2 of the Dungeon.
You visited 1 branch of the dungeon, and saw 2 of its levels.

You collected 85 gold pieces.

Inventory:

Hand Weapons
 a - a +0 whip (weapon)
Missiles
 j - 3 silver javelins (quivered)
Armour
 b - a +0 chain mail (worn)
Wands
 c - a wand of flame (14)
 d - a wand of charming (14)
 e - a wand of iceblast (5)
Scrolls
 h - a scroll of vulnerability {unknown}
 i - a scroll of enchant weapon {unknown}
 k - a scroll of identify {unknown}
Potions
 f - a potion of haste {unknown}
 g - a potion of berserk rage {unknown}


   Skills:
 + Level 2.5 Fighting
 + Level 1.8 Maces & Flails
 + Level 2.4 Armour
 - Level 0.7 Dodging
 - Level 1.1 Stealth
 - Level 2.6 Evocations


You had 2 spell levels left.
You didn't know any spells.
Your spell library contained the following spells:

 Spells                   Type           Power      Damage    Failure   Level
 Inner Flame              Hex/Fire       0%         N/A       100%        3
 Flame Wave               Conj/Fire      0%         2d4       100%        4
 Sticky Flame             Conj/Fire      0%         2d3       100%        4


Dungeon Overview and Level Annotations

Branches:
Dungeon (2/15)

Altars:


Innate Abilities, Weirdness & Mutations

You are immune to sickness and miasma.
Your stone body is resilient. (AC +3)
You are immune to poison.
You resist negative energy. (rN+)
You are resistant to electric shocks. (rElec)
You are resistant to unholy torment.
You are immune to petrification.


Message History

The ball python constricts you.
You barely miss the ball python. The goblin hits you with a +0 club.
The ball python barely misses you. The ball python constricts you.
You hit the ball python.
You kill the ball python!
The goblin hits you but does no damage.
You hit the goblin.
The goblin is heavily wounded.
The goblin hits you with a +0 club.
You completely miss the goblin.
The goblin is heavily wounded.
The goblin hits you but does no damage. The worm bites you.
You hit the goblin.
You kill the goblin!
You hit the worm.
The worm is lightly wounded.
The worm bites you!
* * * LOW HITPOINT WARNING * * *
You are too injured to fight recklessly!
You are too injured to fight recklessly!
You are too injured to fight recklessly!
You are too injured to fight recklessly!
You are too injured to fight recklessly!
Throw: 5 javelins (silver)
Press: ? - help, Q - select action, (/) - cycle Shift-Dir - straight line, f - worm
Aim: a worm (74% to hit)
You throw a silver javelin.
The silver javelin barely misses the worm.
Throw: 4 javelins (silver)
Press: ? - help, Q - select action, (/) - cycle Shift-Dir - straight line, f/p - worm
Aim: a worm (74% to hit)
You throw a silver javelin.
The silver javelin barely misses the worm.
Aiming: Throw Flame
Press: ? - help, Shift-Dir - straight line, f/p - worm
Aim: a worm (90% to hit)
The puff of flame hits the worm!
The worm is moderately wounded.
The worm bites you!
You die...

.#############.#.#
########
....(..........#.########
#
.................†.......
..............##.........
......).......###########
.....%........#
..............#
..........w...#
...........@..#
.....########## .....
..... ##


You could see a worm.

Vanquished Creatures
  3 dart slugs (D:1)
  4 bats
  2 giant cockroaches
  6 goblins
  A hobgoblin (D:2)
  2 jackals (D:1)
  A quokka (D:1)
  5 ball pythons
  2 frilled lizards (D:1)
  A kobold (D:1)
  A rat (D:1)
28 creatures vanquished.

Vanquished Creatures (collateral kills)
  A goblin (D:1)
  A quokka (D:1)
  A frilled lizard (D:1)
  2 kobolds (D:1)
5 creatures vanquished.

Vanquished Creatures (others)
  A hobgoblin (D:1)
1 creature vanquished.

Grand Total: 34 creatures vanquished

Notes
Turn   | Place    | Note
-------+----------+-------------------------------------------
     0 | D:1      | Ijustatesigmund the Gargoyle Artificer began the quest for
                  | the Orb.
     0 | D:1      | Reached XP level 1. HP: 12/12 MP: 1/1
    53 | D:1      | Found a faded altar of an unknown god.
   105 | D:1      | Reached skill level 1 in Maces & Flails
   105 | D:1      | Reached XP level 2. HP: 10/17 MP: 2/2
   595 | D:1      | Reached XP level 3. HP: 18/22 MP: 3/3
  1228 | D:2      | Slain by a worm

Illustrated notes

Levels and vault maps discovered:
D:1:      eino_arrival_druids_welcome, layout_loops_ring,
          nicolae_ecumenical_lake_church, minmay_circled_x
D:2:      layout_basic, basic_altar

Skill      XL: |  1  2 |
---------------+-------+-----
Maces & Flails | 1 |  1.8
Fighting       | 2 |  2.5
Armour         | |  2.4
Dodging        | |  0.7
Stealth        | |  1.1
Evocations     | |  2.6

Action                     || total
---------------------------++-------
  Melee: Club              ||    68
         Whip              ||    41
  Throw: Javelin           ||     4
  Evoke: Wand              ||     2
 Armour: Leather armour    ||    33
         Chain mail        ||    54
  Dodge: Dodged            ||    78

Table legend: (Time is in decaauts)
 A = Elapsed time spent in this place.
 B = Non-inter-level travel time spent in this place.
 C = Inter-level travel time spent in this place.
 D = Time resting spent in this place.
 E = Time spent auto-exploring this place.
 F = Levels seen in this place.
 G = Mean time per level.
                   A        B        C        D        E       F      G
               +--------+--------+--------+--------+--------+-----+--------+
         Total |   1248 |   1174 |     74 |    100 |    761 |   2 |  624.0 |
       Dungeon |   1248 |   1174 |     74 |    100 |    761 |   2 |  624.0 |
               +--------+--------+--------+--------+--------+-----+--------+

Top non-repeatable levels by time:
     D:1: 1165 daAuts
     D:2: 83 daAuts
